 Dungeon Crawl Stone Soup version 0.31-a0-204-g7da18cac08 (webtiles) character file.

Game seed: 6986612021945506729

70 qw the Shooter (level 4, -1/25 HPs)
             Began as a Deep Elf Hunter on June 27, 2023.
             Killed from afar by Sigmund (10 damage)
             ... with a magic dart
             ... on level 2 of the Dungeon.
             The game lasted 00:00:20 (985 turns).

qw the Shooter (Deep Elf Hunter)                     Turns: 985, Time: 00:00:20

Health: -1/25      AC:  3    Str: 10    XL:     4   Next: 3%
Magic:  6/6        EV: 12    Int: 14    God:
Gold:   74         SH:  0    Dex: 18    Spells: 3/3 levels left

rFire   . . .        Y - +0 shortbow (drain)
rCold   . . .        (shield currently unavailable)
rNeg    . . .        c - +0 leather armour
rPois   .            (no helmet)
rElec   .            (no cloak)
rCorr   .            (no gloves)
SInv    .            (no boots)
Will    .....        k - amulet of faith
Stlth   ++           (no ring)
HPRegen 0.24/turn    (no ring)
MPRegen 0.10/turn

%: faith
@: no status effects
A: no striking features
a: no special abilities


You were on level 2 of the Dungeon.
You visited 1 branch of the dungeon, and saw 2 of its levels.

You collected 74 gold pieces.


   Skills:
 - Level 1.5 Fighting
 + Level 7.4 Ranged Weapons
 - Level 2.4 Dodging
 - Level 1.2 Stealth


You had 3 spell levels left.
You didn't know any spells.
Your spell library was empty.

Inventory:

Hand Weapons
 Y - a +0 shortbow of draining (weapon)
Armour
 c - a +0 leather armour (worn)
Jewellery
 k - an amulet of faith (around neck)
Scrolls
 a - a scroll of noise {unknown}
 b - a scroll of summoning {unknown}
 d - a scroll of vulnerability {unknown}
 h - a scroll of fear {unknown}
Potions
 e - a potion of brilliance {unknown}
 f - a potion of enlightenment {unknown}
 g - a potion of cancellation {unknown}

Dungeon Overview and Level Annotations

Branches:
Dungeon (2/15)

Altars:

Annotations:
D:2 Sigmund


Message History

You shoot an arrow. The arrow closely misses the jackal.
The jackal bites you but does no damage.
You shoot an arrow. The arrow hits the jackal!
You kill the jackal!
Sigmund, a ball python and an adder come into view.
Sigmund is wielding a +3 scythe of pain and wearing a +1 robe of cold resistance.
Sigmund shouts!
The ball python moves out of view.
Enter note:
Enter note:
Enter note:
Enter note:
Enter note:
Enter note: You shoot an arrow.
The arrow closely misses the adder.
The adder bites you.
You shoot an arrow. The ball python hisses angrily.
The arrow hits the adder.
The adder is moderately wounded.
The adder bites you.
You shoot an arrow. The arrow hits the adder!
You kill the adder!
You have reached level 4!
You feel clever.
You shoot an arrow. The arrow hits Sigmund.
Sigmund is moderately wounded.
You shoot an arrow. The arrow hits Sigmund.
You drain Sigmund.
Sigmund is heavily wounded.
Sigmund hits you from afar with a +3 scythe of pain!
Ouch! That really hurt!
You shoot an arrow. The arrow hits Sigmund.
You drain Sigmund.
Sigmund is heavily wounded.
Sigmund barely misses you.
You shoot an arrow.
The arrow hits Sigmund but does no damage.
You drain Sigmund.
Sigmund is severely wounded.
Sigmund casts a spell at you. The magic dart hits you!
You die...

.# .. .# ##. ..
.. .# #.# .#
#.#####.##..#.
##.....@.@S....
#.....##%#..##.
#.....# ... ...
#..#..# .#... .
#.....# .#.##..
#.....# .# # .
###...##..
#.....###
#.....#


You could see Sigmund (very drained) and a ball python.

Vanquished Creatures
  Jessica (D:2)
  An adder (D:2)
  A worm (D:2)
  3 ball pythons (D:2)
  An endoplasm (D:2)
  A giant cockroach (D:2)
  3 hobgoblins
  3 jackals (D:2)
  4 kobolds
  3 quokkas
  2 bats
  A frilled lizard (D:1)
  4 goblins (D:1)
28 creatures vanquished.

Notes
Turn   | Place    | Note
-------+----------+-------------------------------------------
     0 | D:1      | qw the Deep Elf Hunter began the quest for the Orb.
     0 | D:1      | Reached XP level 1. HP: 12/12 MP: 3/3
     0 | D:1      | 0 ||| qw: Version: 0.3-a-22-g0ed2b0b
     0 | D:1      | 0 ||| qw: Game counter: 6440
     0 | D:1      | 0 ||| qw: Melee chars always use a shield: true
     0 | D:1      | 0 ||| qw: God list: Okawaru
     0 | D:1      | 0 ||| qw: Allow faded altars: false
     0 | D:1      | 0 ||| qw: Do Orc after clearing Dungeon:15 true
     0 | D:1      | 0 ||| qw: Do second Lair branch before Depths: true
     0 | D:1      | 0 ||| qw: Lair rune preference: random
     0 | D:1      | 0 ||| qw: Goals: Normal
     0 | D:1      | 0 ||| PLANNING D:1-11
   111 | D:1      | Found a faded altar of an unknown god.
   414 | D:1      | Reached XP level 2. HP: 16/16 MP: 4/4
   417 | D:1      | Reached skill level 6 in Ranged Weapons
   577 | D:1      | 577 ||| UPGRADING to amulet of faith.
   582 | D:1      | 582 ||| READING scroll labelled YXZIRO URPHU.
   583 | D:1      | 583 ||| READING scroll labelled WOAQEN FAUFRU.
   584 | D:1      | 584 ||| READING scroll labelled MIRHIL GERCHAAV.
   585 | D:1      | 585 ||| READING scroll labelled YHAW HAENEFAESMAPS.
   586 | D:1      | 586 ||| DROPPING scroll of butterflies.
   711 | D:2      | Noticed Jessica
   713 | D:2      | Killed Jessica
   714 | D:2      | Reached skill level 7 in Ranged Weapons
   714 | D:2      | Reached XP level 3. HP: 20/20 MP: 5/5
   978 | D:2      | Noticed Sigmund
   982 | D:2      | Reached XP level 4. HP: 21/25 MP: 6/6
   985 | D:2      | Killed from afar by Sigmund

Levels and vault maps discovered:
D:1:      moated_graveyard_arrival, layout_basic, basic_ecumenical_altar,
          hangedman_abyss_or_decor_stabs
D:2:      layout_loops_cross, uniq_sigmund, uniq_jessica

Skill      XL: |  1  2 |
---------------+-------+-----
Ranged Weapons | 7 |  7.4
Fighting       | |  1.5
Dodging        | |  2.4
Stealth        | |  1.2

Action                     |  1- 3 |  4- 6 || total
---------------------------+-------+-------++-------
   Fire: Shortbow          |    53 |     4 ||    57
    Use: Scroll            |     4 |       ||     4
 Armour: Leather armour    |     1 |       ||     1
  Dodge: Dodged            |     3 |     1 ||     4

Table legend:
 A = Non-vault XP
 B = Vault XP
 C = Vault XP percentage of total XP
 D = Non-vault monster count
 E = Vault monster count
 F = Vault count percentage of total count
                 A         B        C        D         E       F
            +---------+---------+-------+---------+---------+-------
      Total |      63 |      37 |  37.0 |      27 |       1 |   3.6
            +---------+---------+-------+---------+---------+-------
        D:1 |      17 |       0 |   0.0 |      10 |       0 |   0.0
        D:2 |      46 |      37 |  44.6 |      17 |       1 |   5.6
            +---------+---------+-------+---------+---------+-------
